 Dungeon Crawl Stone Soup version 0.27.1-37-g7b29ead8ac (webtiles) character file.

Game seed: 7403982312360652399

130390 tkbsonic5 the Fighter (level 16, -12/147 HPs)
             Began as a Minotaur Berserker on July 13, 2023.
             Was a High Priest of Trog.
             Mangled by Arachne (20 damage)
             ... on level 3 of the Spider Nest on July 23, 2023.
             The game lasted 02:06:34 (39133 turns).

tkbsonic5 the Fighter (Minotaur Berserker)         Turns: 39133, Time: 02:06:36

Health: -12/147    AC: 26    Str: 22    XL:     16   Next: 52%
Magic:  15/15      EV:  5    Int:  1    God:    Trog [*****.]
Gold:   341        SH:  0    Dex: 12    Spells: 15/15 levels left

rFire    . . .     SeeInvis +   V - +7 war axe "Giantbane" {flame, rElec SInv, (!!7,18++)}
rCold    . . .     Faith    .   h - +0 kite shield
rNeg     . . .     Spirit   .   X - +3 plate armour
rPois    +         Reflect  .   (helmet restricted)
rElec    +         Harm     .   v - +2 cloak
rCorr    .         Rampage  .   y - +1 pair of gloves
Will     +++++     Rnd*Rage +   S - +0 pair of boots
Stlth    ..........             G - necklace of Bloodlust {*Rage +Rage Will++ Int-3 Slay+6, what is hold me back.}
HPRegen  1.34/turn              b - ring of Weustec {+Blink rElec rPois Str-5 SInv}
MPRegen  0.14/turn              w - +4 ring of slaying

@: lethally poisoned (-12 -> -15), strong-willed, on berserk cooldown, very
slightly contaminated, held, regenerating, slowed, invisible, very slow
A: horns 2, retaliatory headbutt
a: Renounce Religion, Evoke Blink, Evoke Berserk Rage, Berserk, Trog's Hand,
Brothers in Arms


You were on level 3 of the Spider Nest.
You worshipped Trog.
Trog was extremely pleased with you.
You visited 4 branches of the dungeon, and saw 26 of its levels.

You collected 3130 gold pieces.
You spent 2789 gold pieces at shops.

Inventory:

Hand Weapons
 n - a +6 broad axe of freezing {(1,16!!++) "SnakeInTheGrass"}
 r - a +5 quarterstaff
 E - the +10 trident of Lujats {freeze, +Blink, (11,19+++) Boombap Trident}
   (You found it on level 13 of the Dungeon)

   It freezes those it strikes, dealing additional cold damage.
   It can also slow down cold-blooded creatures.
   +Blink:    It lets you blink.
 V - the +7 war axe "Giantbane" (weapon) {flame, rElec SInv, (!!7,18++)}
   (You bought it in a shop on level 14 of the Dungeon)

   It burns those it strikes, dealing additional fire damage.
   Big, fiery blades are also staple armaments of hydra-hunters.
   rElec:     It insulates you from electricity.
   SInv:      It lets you see invisible.
Missiles
 K - 67 poisoned darts
 L - 8 boomerangs (quivered)
 M - 3 javelins
 N - a silver javelin
Armour
 h - a +0 kite shield (worn)
 v - a +2 cloak (worn)
 y - a +1 pair of gloves (worn)
 Q - a +0 tower shield
 S - a +0 pair of boots (worn)
 X - a +3 plate armour (worn)
Jewellery
 a - the ring of Maro {rN+ Will+ rCorr Str+6 Stlth-}
   (You bought it in a shop on level 2 of the Orcish Mines)

   [ring of resist corrosion]

   Str:       It affects your strength (+6).
   rN:        It protects you from negative energy.
   rCorr:     It protects you from acid and corrosion.
   Will:      It increases your willpower.
   Stlth:     It makes you less stealthy.
 b - the ring of Weustec (left hand) {+Blink rElec rPois Str-5 SInv}
   (You acquired it on level 6 of the Lair of Beasts)

   [ring of poison resistance]

   Str:       It affects your strength (-5).
   rElec:     It insulates you from electricity.
   rPois:     It protects you from poison.
   SInv:      It lets you see invisible.
   +Blink:    It lets you blink.
 c - an amulet of faith
 g - a ring of fire
 j - a +4 ring of protection
 m - a ring of ice
 w - a +4 ring of slaying (right hand)
 G - the necklace of Bloodlust (around neck) {*Rage +Rage Will++ Int-3 Slay+6, what is hold me back.}
   (You found it on level 5 of the Dungeon)

   [amulet of nothing]

   It extends the wearer's berserk rage when killing foes.
   Int:       It affects your intelligence (-3).
   Slay:      It affects your accuracy & damage with ranged weapons and melee
   (+6).
   +Rage:     It lets you go berserk.
   *Rage:     It may make you go berserk in combat.
   Will:      It greatly increases your willpower.
 H - a ring of ice
Wands
 B - a wand of iceblast (4)
 D - a wand of flame (34)
 I - a wand of digging (11)
Scrolls
 f - 4 scrolls of magic mapping
 i - 9 scrolls of teleportation
 l - 2 scrolls of identify
 Z - a scroll of holy word
Potions
 d - 3 potions of heal wounds
 e - a potion of berserk rage
 k - a potion of cancellation
 o - 6 potions of flight
 q - 3 potions of magic
 F - 8 potions of curing
 O - a potion of invisibility
Miscellaneous
 p - a box of beasts


   Skills:
 * Level 14.6 Fighting
 - Level 3.6 Short Blades
 * Level 12.9(15.1) Axes
 - Level 9.9(14.3) Maces & Flails
 - Level 9.8(14.2) Polearms
 - Level 11.5(14.0) Staves
 - Level 6.2 Bows
 - Level 0.4 Crossbows
 * Level 10.6 Throwing
 + Level 12.9 Armour
 - Level 11.1 Dodging
 * Level 7.9 Shields
 - Level 2.0 Unarmed Combat
 * Level 4.9 Evocations


You had 15 spell levels left.
You didn't know any spells.
Your spell library was empty.

Dungeon Overview and Level Annotations

Branches:
Dungeon (15/15)            Temple (0/1) D:5            Lair (6/6) D:11
  Swamp (0/4) Lair:4       Spider (3/4) Lair:2        Slime (0/5) Lair:5
    Orc (2/2) D:11            Elf (0/3) Orc:2        Vaults (0/5) D:13
 Depths (0/5) D:15

Altars:
Elyvilon
Gozag
Kikubaaqudgha
Okawaru
Xom
Yredelemnul
Zin
Beogh
Jiyva

Shops:
D:11 *   D:14 (?   Orc:2 =(:(=

Annotations:
D:10 exclusion: oklob plant
Spider:2 3 runed translucent doors, jink69's ghost, adept KoBe
Spider:3 Arachne
Orc:1 2 runed translucent doors, Jisity's ghost, adept HuFi


Innate Abilities, Weirdness & Mutations

You have a pair of horns on your head.
You reflexively headbutt those who attack you in melee.


Message History

* * * LOW HITPOINT WARNING * * *
The orb spider spins a strand of pure energy.
The jumping spider barely misses you. You furiously retaliate!
You headbutt the jumping spider. The jumping spider bites you.
* * * LOW HITPOINT WARNING * * *
You are very lightly contaminated with residual magic.
Unknown command.
You feel much better.
You feel extremely sick.
The killer bee stings you but does no damage.
The redback bites your stone giant.
Your stone giant looks as sick as possible!
The redback poisons your stone giant! You block Arachne's attack.
The spark wasp stings you but does no damage.
The redback bites you but does no damage.
The killer bee misses you.
The killer bee pulls away from the web.
You block the jumping spider's attack. The jumping spider closely misses you.
The redback bites your stone giant but does no damage.
Your stone giant hits the redback.
Arachne barely misses you. The spark wasp stings you.
* * * LOW HITPOINT WARNING * * *
The spark wasp shocks you. You resist.
* * * LOW HITPOINT WARNING * * *
The redback bites your stone giant!
The killer bee stings you but does no damage.
The jumping spider pounces on you!
* * * LOW HITPOINT WARNING * * *
The jumping spider bites you but does no damage.
Your stone giant hits the redback!!!
The redback dies!
Trog accepts your kill.
The redback bites your stone giant but does no damage.
You hear an angry buzzing noise. x2; You hear an angry hiss.
You are caught in the web!
You feel very sick.
The killer bee stings you but does no damage.
The killer bee stings your stone giant.
Your stone giant completely misses the killer bee.
Arachne hits you with a staff of poison!!
You die...

.......## ....
........## ....
........^#.....
.........#.....
.^.).........#.
......?.s.....†
.....^..†s...#..
###Hyy^....†.
####..@C†......!
..^.......y.....
.........#s...#.
^.......)#^.#.#
###....†.#..# #
#^.......≈^.#
##^......#..#
##..^..†.##.≈..
#≈≈#..†...#≈#....


You could see Arachne, a spark wasp, an orb spider (charged), a jumping spider,
a redback, 2 killer bees and a friendly stone giant (summoned, berserk,
extremely poisoned).

Vanquished Creatures
  Rupert (Orc:2)
  Kirke (Lair:5)
  An emperor scorpion (Spider:3)
  An orc warlord (Orc:2)
  3 entropy weavers
  The ghost of Woqenke the Eclecticist, a journeyman DEIE of Sif Muna (Lair:2)
  An ettin (D:15)
  A fire dragon (Lair:6)
  2 boulder beetles
  7 hydras
  Fannar (Lair:2)
  Harold (D:10)
  5 two-headed ogres
  A catoblepas (Lair:6)
  5 centaur warriors
  Erica (Lair:2)
  A dancing weapon (Lair:2)
  2 death knights
  2 tengu warriors
  13 death yaks
  5 orc high priests (Orc:2)
  Urug (Lair:2)
  A deep troll (shapeshifter) (D:13)
  2 deep trolls
  2 wizards
  A swamp dragon (Lair:6)
  10 wolf spiders
  2 deep elf pyromancers
  4 orc knights (Orc:2)
  2 necromancers (D:15)
  7 orb spiders
  5 orc sorcerers (Orc:2)
  An oklob plant (D:10)
  10 slime creatures
  6 cyclopes
  3 manticores
  11 elephants
  9 black mambas
  A guardian serpent (Lair:6)
  A torpor snail (Lair:6)
  2 gargoyles
  9 cane toads
  An unseen horror (Lair:2)
  9 komodo dragons
  An efreet (D:15)
  4 rime drakes
  7 demonic crawlers
  3 freezing wraiths (D:15)
  3 meliai (Spider:3)
  6 trolls
  17 jumping spiders
  32 blink frogs
  4 hornets
  A polar bear (Lair:6)
  11 dream sheep
  A shadow (D:13)
  9 wyverns
  2 vampires
  A hog (shapeshifter) (D:15)
  50 redbacks
  50 yaks
  14 tarantellas
  4 hogs (Lair:5)
  3 basilisks
  2 wraiths
  9 vampire mosquitoes
  5 steam dragons
  A redback simulacrum (D:15)
  Edmund (D:4)
  7 wargs (Orc:1)
  4 swamp worms (Lair:1)
  2 acid dragons (Lair:6)
  21 water moccasins
  25 orc warriors
  A floating eye (D:10)
  A swamp drake (Lair:6)
  3 black bears
  7 ogres
  10 wolves (Lair:3)
  23 centaurs
  A phantom (D:6)
  A kobold brigand (D:10)
  17 bullfrogs
  2 scorpions (D:6)
  22 killer bees
  5 wights (D:9)
  4 howler monkeys
  4 electric eels
  A centaur zombie (D:8)
  2 bullfrog zombies
  17 orc priests
  Crazy Yiuf (D:3)
  A gnoll shaman (D:4)
  2 centaur skeletons
  2 hounds
  7 iguanas
  22 orc wizards
  7 hell rats (Lair:3)
  A scorpion zombie (D:5)
  7 gnolls (D:3)
  A howler monkey skeleton (D:6)
  9 adders
  A river rat (Lair:2)
  3 white imps
  A worm (D:2)
  2 dart slugs (D:1)
  64 orcs
  9 ball pythons
  14 endoplasms
  5 giant cockroaches
  5 goblins
  4 hobgoblins
  13 jackals
  A quokka (D:5)
  10 bats
  3 frilled lizards (D:1)
  11 kobolds
  7 rats
790 creatures vanquished.

Vanquished Creatures (collateral kills)
  An emperor scorpion (Spider:2)
  An elephant (Lair:6)
  A queen bee (Spider:3)
  A hornet (Lair:6)
  A blink frog (Lair:6)
  2 redbacks (Spider:3)
  A wyvern (Lair:6)
  A warg (Orc:2)
  An orc warrior (Orc:2)
  4 killer bees (Spider:3)
  2 orcs (Orc:2)
16 creatures vanquished.

Vanquished Creatures (others)
  A demonic crawler (Spider:1)
  A jumping spider (Spider:1)
  2 humans (Lair:5)
  A water moccasin (Lair:5)
  A killer bee (Spider:3)
  38 fungi
  89 plants
133 creatures vanquished.

Grand Total: 939 creatures vanquished

Notes
Turn   | Place    | Note
-------+----------+-------------------------------------------
     0 | D:1      | tkbsonic5 the Minotaur Berserker began the quest for the
                  | Orb.
     0 | D:1      | Reached XP level 1. HP: 19/19 MP: 0/0
   103 | D:1      | Reached XP level 2. HP: 26/27 MP: 1/1
   172 | D:1      | Reached skill level 4 in Fighting
   628 | D:1      | Reached ** piety under Trog
   629 | D:1      | Reached XP level 3. HP: 21/33 MP: 2/2
  1224 | D:2      | Reached XP level 4. HP: 35/41 MP: 3/3
  1421 | D:2      | Found a faded altar of an unknown god.
  1567 | D:2      | Reached skill level 5 in Axes
  1711 | D:2      | Reached skill level 5 in Fighting
  2121 | D:3      | Reached XP level 5. HP: 34/48 MP: 0/4
  2613 | D:3      | Reached *** piety under Trog
  2737 | D:3      | Found a runed translucent door.
  2738 | D:3      | Noticed Crazy Yiuf
  3129 | D:3      | Killed Crazy Yiuf
  3281 | D:4      | Noticed a centaur
  3292 | D:4      | Killed a centaur
  3293 | D:4      | Reached XP level 6. HP: 30/57 MP: 5/5
  3306 | D:4      | Reached skill level 1 in Staves
  3688 | D:4      | Reached skill level 1 in Polearms
  3690 | D:4      | Reached skill level 6 in Fighting
  3690 | D:4      | Reached skill level 1 in Maces & Flails
  3690 | D:4      | Reached skill level 1 in Unarmed Combat
  3924 | D:4      | Noticed Edmund
  3935 | D:4      | Killed Edmund
  3936 | D:4      | Reached XP level 7. HP: 63/63 MP: 6/6
  4651 | D:5      | Entered Level 5 of the Dungeon
  4659 | D:5      | Found a staircase to the Ecumenical Temple.
  4937 | D:5      | Found the necklace of Bloodlust {*Rage +Rage Will++ Int-3
                  | Slay+6}
  5063 | D:5      | Reached skill level 1 in Bows
  5337 | D:5      | Reached XP level 8. HP: 61/71 MP: 7/7
  6210 | D:6      | Reached skill level 7 in Fighting
  6493 | D:6      | Reached skill level 5 in Armour
  6505 | D:6      | Reached skill level 1 in Throwing
  7950 | D:7      | Reached XP level 9. HP: 79/79 MP: 8/8
  8002 | D:7      | Found a white marble altar of Elyvilon.
  8032 | D:7      | Found an ancient bone altar of Kikubaaqudgha.
  8110 | D:7      | Found an opulent altar of Gozag.
  8321 | D:8      | Found an iron altar of Okawaru.
  8329 | D:8      | Reached skill level 5 in Staves
  8562 | D:8      | Found a basalt altar of Yredelemnul.
  8671 | D:8      | Reached skill level 8 in Fighting
  8680 | D:8      | Reached skill level 5 in Maces & Flails
  9750 | D:9      | Reached **** piety under Trog
  9941 | D:9      | Paralysed by a hornet for 2 turns
 10216 | D:9      | Reached XP level 10. HP: 86/90 MP: 9/9
 10339 | D:9      | Noticed a two-headed ogre
 10344 | D:9      | Killed a two-headed ogre
 10345 | D:9      | Found a glowing silver altar of Zin.
 10680 | D:10     | Entered Level 10 of the Dungeon
 10725 | D:10     | You fall into a shaft and drop 1 floor!
 10727 | D:11     | Noticed a boulder beetle
 10744 | D:11     | Killed a boulder beetle
 10745 | D:11     | Reached skill level 9 in Fighting
 10745 | D:11     | Reached skill level 5 in Bows
 10749 | D:11     | Reached skill level 1 in Evocations
 11196 | D:11     | Noticed a gargoyle
 11205 | D:11     | Killed a gargoyle
 11519 | D:11     | Found Ruetsauff's Overcharged Wands.
 11599 | D:11     | Found a staircase to the Lair.
 11671 | D:11     | Found a staircase to the Orcish Mines.
 11744 | D:11     | Noticed a cyclops
 11749 | D:11     | Killed a cyclops
 11750 | D:11     | Reached skill level 5 in Polearms
 11750 | D:11     | Reached XP level 11. HP: 97/97 MP: 10/10
 12024 | D:11     | Noticed a two-headed ogre
 12032 | D:11     | Killed a two-headed ogre
 12033 | D:11     | Reached skill level 5 in Dodging
 12198 | D:10     | Noticed an oklob plant
 12206 | D:10     | Killed an oklob plant
 12320 | D:10     | Noticed an oklob plant
 12755 | D:10     | Noticed a two-headed ogre
 12762 | D:10     | Killed a two-headed ogre
 13802 | D:10     | Reached skill level 10 in Fighting
 13989 | D:10     | Noticed Harold
 14003 | D:10     | Killed Harold
 14407 | Lair:1   | Entered Level 1 of the Lair of Beasts
 14407 | Lair:1   | Noticed a five-headed hydra
 14415 | D:11     | Killed a five-headed hydra
 15259 | Lair:1   | Noticed a five-headed hydra
 15263 | Lair:1   | Reached skill level 10 in Axes
 15266 | Lair:1   | Reached XP level 12. HP: 107/107 MP: 11/11
 15269 | Lair:1   | Killed a five-headed hydra
 16944 | Lair:2   | Found a hole to the Spider Nest.
 16949 | Lair:2   | Reached skill level 1 in Short Blades
 17322 | Lair:2   | Noticed Fannar
 17337 | Lair:2   | Killed Fannar
 17511 | Lair:2   | Noticed an eight-headed hydra
 17515 | Lair:2   | Reached skill level 11 in Fighting
 17521 | Lair:2   | Killed an eight-headed hydra
 17984 | Lair:2   | Reached skill level 5 in Throwing
 18008 | Lair:2   | Found a runed translucent door.
 18009 | Lair:2   | Found a shimmering altar of Xom.
 18009 | Lair:2   | Noticed Woqenke's ghost (journeyman DEIE)
 18017 | Lair:2   | Noticed Erica
 18026 | Lair:2   | Killed Erica
 18133 | Lair:2   | Noticed Urug
 18143 | Lair:2   | Killed Urug
 18729 | Lair:2   | Killed Woqenke's ghost
 18730 | Lair:2   | Reached XP level 13. HP: 104/116 MP: 0/12
 21225 | Lair:4   | Found a staircase to the Swamp.
 21243 | Lair:4   | Reached skill level 10 in Staves
 21516 | Lair:4   | Reached ***** piety under Trog
 21806 | Lair:5   | Reached skill level 10 in Armour
 21895 | Lair:5   | Reached skill level 12 in Fighting
 22260 | Lair:5   | Noticed Kirke
 22349 | Lair:5   | Killed Kirke
 22365 | Lair:5   | Found a staircase to the Slime Pits.
 22365 | Lair:5   | Found a viscous altar of Jiyva.
 23034 | Lair:5   | Found a shimmering altar of Xom.
 23362 | Lair:6   | Entered Level 6 of the Lair of Beasts
 23379 | Lair:5   | Reached XP level 14. HP: 126/126 MP: 13/13
 25604 | Lair:6   | Reached skill level 13 in Fighting
 26170 | Lair:6   | Reached skill level 10 in Dodging
 27052 | Lair:6   | Identified a scroll of acquirement
 27052 | Lair:6   | Acquired the ring of Weustec {+Blink rElec rPois Str-5
                  | SInv}
 27088 | Lair:6   | Acquired a +3 broad axe of freezing
 27383 | D:12     | Identified the -2 pair of boots of the Yeti {Will- Int+9}
 27567 | D:12     | Received a gift from Trog
 28401 | D:13     | Identified the +10 trident of Lujats {freeze, +Blink}
 28655 | D:13     | Found a flagged portal.
 28989 | D:13     | Reached XP level 15. HP: 136/136 MP: 14/14
 29186 | D:13     | Found a gate to the Vaults.
 29953 | D:14     | Found Lis Uvvu's Magic Scroll Shop.
 30097 | D:14     | Found Reodugao's Antique Weapon Boutique.
 30115 | D:14     | Bought a glowing fustibalus for 558 gold pieces
 30115 | D:14     | Bought a glowing shortbow for 186 gold pieces
 30115 | D:14     | Bought a bloodstained war axe for 263 gold pieces
 30115 | D:14     | Identified the +7 war axe "Giantbane" {flame, rElec SInv}
                  | (You bought it in a shop on level 14 of the Dungeon)
 30325 | D:14     | Bought a scroll of enchant armour for 90 gold pieces
 30325 | D:14     | Bought a scroll of enchant weapon for 90 gold pieces
 30325 | D:14     | Bought a scroll of teleportation for 36 gold pieces
 30325 | D:14     | Bought a scroll of magic mapping for 42 gold pieces
 30325 | D:14     | Bought a scroll of holy word for 90 gold pieces
 30325 | D:14     | Bought a scroll of silence for 90 gold pieces
 30500 | D:15     | Entered Level 15 of the Dungeon
 30509 | D:15     | Reached skill level 1 in Shields
 31228 | D:15     | Found a staircase to the Depths.
 31265 | D:15     | Reached ****** piety under Trog
 32199 | Orc:1    | Entered Level 1 of the Orcish Mines
 32258 | Orc:1    | Found a large runed translucent door.
 32258 | Orc:1    | Found a large runed translucent door.
 32266 | Orc:1    | Noticed Jisity's ghost (adept HuFi)
 32972 | Orc:1    | Received a gift from Trog
 33407 | Orc:2    | Entered Level 2 of the Orcish Mines
 33407 | Orc:2    | Found a staircase to the Elven Halls.
 34148 | Orc:2    | Noticed an orc warlord
 34165 | Orc:2    | Killed an orc warlord
 34223 | Orc:2    | Found Plog's Jewellery Boutique.
 34239 | Orc:2    | Bought an amulet of regeneration for 360 gold pieces
 34239 | Orc:2    | Bought an amulet of reflection for 360 gold pieces
 34463 | Orc:2    | Noticed Rupert
 34592 | Orc:2    | Paralysed by Rupert for 2 turns
 34597 | Orc:2    | Paralysed by Rupert for 4 turns
 34619 | Orc:2    | Killed Rupert
 34620 | Orc:2    | Reached skill level 5 in Shields
 34890 | Orc:2    | HP: 3/119 [orc knight/bolt (17)]
 35662 | Orc:2    | Received a gift from Trog
 35734 | Orc:2    | Found Gouts's Jewellery Shoppe.
 35800 | Orc:2    | Found Zygolig's Antique Weapon Boutique.
 35807 | Orc:2    | Bought the ring of Maro {rN+ Will+ rCorr Str+6 Stlth-} for
                  | 624 gold pieces
 35812 | Orc:2    | Found Dumiull's Book Boutique.
 35814 | Orc:2    | Found Ysiruehox's Weapon Shoppe.
 35988 | Spider:1 | Entered Level 1 of the Spider Nest
 35993 | Spider:1 | Reached skill level 10 in Throwing
 35994 | Spider:1 | Reached skill level 14 in Fighting
 36137 | Spider:1 | Reached XP level 16. HP: 107/145 MP: 15/15
 38461 | Spider:2 | Found a runed translucent gate.
 38461 | Spider:2 | Found a runed translucent gate.
 38461 | Spider:2 | Found a runed translucent gate.
 38469 | Spider:2 | Noticed jink69's ghost (adept KoBe)
 38950 | Spider:3 | Received a gift from Trog
 39107 | Spider:3 | Noticed Arachne
 39133 | Spider:3 | Mangled by Arachne

Illustrated notes

Levels and vault maps discovered:
D:1:      dpeg_arrival_tiny_a, layout_basic, minmay_fountain_box
D:2:      layout_loops_ring, ebering_ecumenical_altar_hall,
          supply_closet_lemuel, minmay_misc_feat_doors, solitary_fountain,
          grunt_decor_clamped
D:3:      layout_loops_ring, uniq_crazy_yiuf_cottage
D:4:      minmay_chambers_of_fours, layout_loops_corners, serial_rivers,
          chequers_serial_rivers_micro_a, chequers_serial_rivers_micro_e,
          chequers_serial_rivers_marsh, chequers_serial_rivers_marsh,
          chequers_serial_rivers_micro_a, serial_bayou_pond_d, uniq_edmund
D:5:      layout_layer_cave, minmay_temple_entry_mist, serial_glass,
          glass_columns_a, glass_columns_c
D:6:      layout_basic
D:7:      layout_basic, grunt_gozag_breadcrumbs, mainiacjoe_overflow_two_lobes,
          serial_park_tiny_2
D:8:      layout_basic, mainiacjoe_overflow_24_doors, okawaru_trees_2
D:9:      layout_loops_ring, lemuel_round_altar
D:10:     layout_irregular_city, disabler_island, uniq_harold
D:11:     layout_gridville, lair_entry_dummy, david_orc_2,
          nicolae_shop_overcharged_wands
D:12:     layout_basic, gauntlet_entry_generic, serial_glass, glass_columns_a,
          glass_columns_c, due_unseen_surprise, item_on_display_b,
          item_on_display_b, unseen_surprise_small
D:13:     layout_basic, david_vaults_1, enter_bailey_2
D:14:     layout_roguey, serial_shops, nicolae_inconvenience_store,
          nicolae_shop_window_shopping, hangedman_decor_lopped
D:15:     hangedman_depths_entry_civil_slaughter, layout_long_grid,
          minmay_misc_feat_rows
Lair:1:   layout_gridlike, worms_lemuel, grunt_megastairs_4
Lair:2:   layout_roguey, spider_nest_entry_a, ebering_ghost_xom, uniq_urug,
          uniq_fannar, uniq_erica
Lair:3:   layout_roguey, serial_bayou_shore_a
Lair:4:   layout_cave_shapes, swamp_mist, serial_bayou_lagoon_a,
          lemuel_fruit_fields
Lair:5:   layout_gridlike, slime_altar_1, basic_altar,
          infiniplex_staircase_pool_2, uniq_kirke
Lair:6:   guppyfry_lair_end_dragon, layout_gridlike,
          hangedman_lair_tendril_chambers
Spider:1: layout_spider_delve
Spider:2: nicolae_spider_mines_2, gammafunk_ghost_necromancy
Spider:3: layout_spider_delve, special_room [special_room_bee],
          gammafunk_ghost_berserking_beasts, uniq_arachne
Orc:1:    cheibrodos_orc_guarddog, layout_caves, ebering_ghost_disaster_area,
          nooodl_orcs_dogs
Orc:2:    st_orc_elflike, layout_caves, basic_altar, serial_shops, shop_statue,
          kennysheep_orc_chapel, uniq_rupert

Skill      XL: |  1  2  3  4  5  6  7  8  9 10 11 12 13 14 15 16 |
---------------+-------------------------------------------------+-----
Fighting       | 4 5 6 7 8 9 10 11 12 13 14 | 14.6
Axes           | 4 5 6 7 8 9 10 11 12 | 12.9
Armour         | 3 4 5 6 7 9 10 11 12 | 12.9
Staves         | 2 3 4 6 7 8 9 10 11 | 11.5
Polearms       | 1 2 3 4 5 6 7 8 9 |  9.8
Maces & Flails | 1 2 4 5 7 8 9 |  9.9
Unarmed Combat | 1 2 |  2.0
Bows           | 1 3 4 5 6 |  6.2
Dodging        | 3 4 6 7 9 10 11 | 11.1
Throwing       | 1 2 3 4 5 6 8 10 | 10.6
Evocations     | 1 2 3 4 |  4.9
Short Blades   | 2 3 |  3.6
Shields        | 6 7 |  7.9
Crossbows      | |  0.4

Action                   |  1- 3 |  4- 6 |  7- 9 | 10-12 | 13-15 | 16-18 || total
-------------------------+-------+-------+-------+-------+-------+-------++-------
Melee: Hand axe          |    58 |    90 |   153 |   109 |     8 |       ||   418
       Headbutt          |    13 |    16 |    35 |    63 |   162 |    34 ||   323
       Punch             |       |       |     2 |     6 |     4 |       ||    12
       Quarterstaff      |       |       |       |    69 |   177 |       ||   246
       Dagger            |       |       |       |    37 |       |       ||    37
       Spear             |       |       |       |    28 |       |       ||    28
       Broad axe         |       |       |       |    24 |    28 |       ||    52
       Whip              |       |       |       |     3 |     4 |       ||     7
       Lajatang          |       |       |       |       |   178 |       ||   178
       Glaive            |       |       |       |       |    37 |       ||    37
       War axe           |       |       |       |       |    12 |   167 ||   179
       Flail             |       |       |       |       |    27 |       ||    27
       Trident           |       |       |       |       |   368 |       ||   368
 Fire: Shortbow          |       |       |       |    19 |       |       ||    19
       Arbalest          |       |       |       |    13 |       |       ||    13
Throw: Dart              |       |       |    10 |     5 |    62 |     1 ||    78
       Boomerang         |       |       |     6 |    53 |   100 |    63 ||   222
       Javelin           |       |       |       |       |   122 |     8 ||   130
       Throwing net      |       |       |       |       |     4 |       ||     4
Invok: Berserk           |       |     5 |       |     7 |     5 |     1 ||    18
       Trog's Hand       |       |     3 |     1 |     5 |     9 |     3 ||    21
       Brothers in Arms  |       |       |       |       |     1 |     2 ||     3
 Abil: Evoke Blink       |       |       |       |       |     2 |     1 ||     3
Evoke: Wand              |       |       |       |    39 |    11 |     5 ||    55
       Box of beasts     |       |       |       |     2 |     3 |       ||     5
  Use: Scroll            |     6 |     4 |     3 |     9 |    29 |     1 ||    52
       Potion            |     1 |       |       |     4 |    12 |     2 ||    19
 Stab: Sleeping          |       |     2 |       |       |       |       ||     2
       Distracted        |       |       |     1 |     2 |     2 |       ||     5
       Paralysed         |       |       |       |     8 |     1 |       ||     9
       Fleeing           |       |       |       |       |     1 |       ||     1
       Held in net/web   |       |       |       |       |     1 |       ||     1
Armor: Animal skin       |     9 |     9 |       |       |       |       ||    18
       Scale mail        |       |     8 |    36 |       |       |       ||    44
       Chain mail        |       |       |    13 |   106 |       |       ||   119
       Skin              |       |       |       |    40 |       |       ||    40
       Plate armour      |       |       |       |    17 |   383 |   183 ||   583
Dodge: Dodged            |    33 |    51 |    63 |   137 |   232 |    88 ||   604
Block: Tower shield      |       |       |       |       |   204 |    97 ||   301
       Kite shield       |       |       |       |       |       |    71 ||    71
